 Dungeon Crawl Stone Soup version 0.23.1 (webtiles) character file.

Game seed: 18206208026294157927

9 Chiseanne the Magician (level 2, 0/20 HPs)
             Began as a Gnoll Wanderer on Mar 7, 2019.
             Slain by a kobold
             ... wielding a +0 club
              (4 damage)
             ... on level 1 of the Dungeon.
             The game lasted 00:01:07 (473 turns).

Chiseanne the Magician (Gnoll Wanderer)              Turns: 473, Time: 00:01:08

Health: 0/20       AC:  4    Str: 14    XL:     2   Next: 16%
Magic:  2/10       EV: 11    Int: 16    God:
Gold:   36         SH:  0    Dex: 12    Spells: 14/15 levels left

rFire    . . .     SeeInvis .   e - +0 club
rCold    . . .     Gourm    .   (no shield)
rNeg     . . .     Faith    .   j - +0 leather armour
rPois    .         Spirit   .   (no helmet)
rElec    .         Reflect  .   a - +0 cloak
rCorr    .         Harm     .   (no gloves)
MR       .....                  (no boots)
Stlth    +.........             (no amulet)
HPRegen  0.06/turn              (no ring)
MPRegen  0.12/turn              (no ring)

@: very slightly contaminated
A: distributed training, fangs 1, strong nose
a: no special abilities


You were on level 1 of the Dungeon.
You were not hungry.

You visited 1 branch of the dungeon, and saw 1 of its levels.

You collected 36 gold pieces.

Inventory:

Hand Weapons
 e - a +0 club (weapon)
Missiles
 k - 23 sling bullets
Armour
 a - a +0 cloak (worn)
 j - a +0 leather armour (worn)
Wands
 c - a wand of random effects (15)
Scrolls
 g - a scroll of amnesia {unknown}
 h - a scroll of identify {unknown}
 m - a scroll of fog {unknown}
Potions
 b - a potion of curing
 i - a potion of haste {unknown}
 l - a potion of ambrosia {unknown}
Comestibles
 d - a chunk of flesh
 f - a ration


   Skills:
 + Level 0.3 Fighting
 + Level 0.3 Short Blades
 + Level 0.3 Long Blades
 + Level 0.3 Axes
 + Level 0.3 Maces & Flails
 + Level 0.3 Polearms
 + Level 0.3 Staves
 + Level 0.3 Slings
 + Level 0.3 Bows
 + Level 0.3 Crossbows
 + Level 2.4 Throwing
 + Level 0.3 Armour
 + Level 0.3 Dodging
 + Level 0.3 Stealth
 + Level 0.3 Shields
 + Level 0.3 Unarmed Combat
 + Level 7.1 Spellcasting
 + Level 0.2 Conjurations
 + Level 0.2 Hexes
 + Level 3.7 Charms
 + Level 3.7 Summonings
 + Level 0.2 Necromancy
 + Level 0.2 Translocations
 + Level 2.0 Transmutations
 + Level 0.2 Fire Magic
 + Level 0.2 Ice Magic
 + Level 0.2 Air Magic
 + Level 0.2 Earth Magic
 + Level 0.2 Poison Magic
 + Level 0.4 Invocations
 + Level 2.4 Evocations


You had 14 spell levels left.
You knew the following spells:

 Your Spells              Type           Power        Failure   Level  Hunger
a - Magic Dart            Conj           #...         14%         1    None

Your spell library contained the following spells:

 Spells                   Type           Power        Failure   Level  Hunger
 Call Imp                 Summ           ###.....     5%          2    None
 Blink                    Tloc           N/A          22%         2    None
 Slow                     Hex            #.......     22%         2    None
 Conjure Flame            Conj/Fire      #.......     38%         3    ##.....
 Mephitic Cloud           Conj/Pois/Air  #.......     38%         3    ##.....


Dungeon Overview and Level Annotations

Branches:
Dungeon (1/15)

Altars:


Innate Abilities, Weirdness & Mutations

Your experience applies equally to all skills.
You have very sharp teeth.
Your uncanny sense of smell can sniff out nearby items.


Message History

Press: ? - help, Shift-Dir - straight line, f - kobold
Aim: a kobold, wielding a +0 club (severely wounded)
You miscast Magic Dart.
You are very lightly contaminated with residual magic.
You feel a strange surge of energy! The kobold hits you but does no damage.
Casting: Magic Dart (safe; 14% risk of failure)
Confirm with . or Enter, or press ? or * to list all spells.
Aiming: Magic Dart (safe; 14% risk of failure)
Press: ? - help, Shift-Dir - straight line, f/p - kobold
Aim: a kobold, wielding a +0 club (severely wounded)
You miscast Magic Dart.
Nothing appears to happen.
The kobold closely misses you.
Casting: Magic Dart (safe; 14% risk of failure)
Confirm with . or Enter, or press ? or * to list all spells.
Aiming: Magic Dart (safe; 14% risk of failure)
Press: ? - help, Shift-Dir - straight line, f/p - kobold
Aim: a kobold, wielding a +0 club (severely wounded)
You miscast Magic Dart.
Nothing appears to happen.
The kobold hits you with a +0 club.
You die...

######..........
##....+..........
.....#.......... ∆
#.............. ##.#.....#
.... #+#
#......K.#.....##...)#
#....................+ #.#
#.......######.......# #...
#........KK@.#.......## #..
#.......####'#........#.#..
∆
#.....................#.#.#
#.......................#.#
##.................>..###.##
######.....................
+#### #..........##...###.##
≈≈≈≈# #
#..........+....#...#. ..≈≈#
. #..........###..#.#.#.


You could see 2 kobolds.

Vanquished Creatures
  A dart slug (D:1)
  A leopard gecko (D:1)
  A goblin (D:1)
  A hobgoblin (D:1)
  2 kobolds (D:1)
6 creatures vanquished.

Notes
Turn   | Place    | Note
-------+----------+-------------------------------------------
     0 | D:1      | Chiseanne the Gnoll Wanderer began the quest for the Orb.
     0 | D:1      | Chiseanne set off with the following items: a potion of
                  | curing, a wand of random effects (15), a +0 robe, a +0
                  | club, a ration; and the following spell memorised: Magic
                  | Dart; and the following spells available to memorise: Call
                  | Imp, Blink, Slow, Conjure Flame, Mephitic Cloud
     0 | D:1      | Reached XP level 1. HP: 13/13 MP: 8/8
   464 | D:1      | Reached XP level 2. HP: 5/19 MP: 8/10
   473 | D:1      | Slain by a kobold

Skill      XL: |  1 |
---------------+----+-----
Transmutations | 2 |  2.0
Fighting       | |  0.3
Short Blades   | |  0.3
Long Blades    | |  0.3
Axes           | |  0.3
Maces & Flails | |  0.3
Polearms       | |  0.3
Staves         | |  0.3
Slings         | |  0.3
Bows           | |  0.3
Crossbows      | |  0.3
Throwing       | |  2.4
Armour         | |  0.3
Dodging        | |  0.3
Stealth        | |  0.3
Shields        | |  0.3
Unarmed Combat | |  0.3
Spellcasting   | |  7.1
Conjurations   | |  0.2
Hexes          | |  0.2
Charms         | |  3.7
Summonings     | |  3.7
Necromancy     | |  0.2
Translocations | |  0.2
Fire Magic     | |  0.2
Ice Magic      | |  0.2
Air Magic      | |  0.2
Earth Magic    | |  0.2
Poison Magic   | |  0.2
Invocations    | |  0.4
Evocations     | |  2.4

Action                   || total
-------------------------++-------
Melee: Club              ||    21
       Bite              ||     6
 Cast: Magic Dart        ||     5
Armor: Leather armour    ||    10
Dodge: Dodged            ||    13
